 Dungeon Crawl Stone Soup version 0.24-a0-264-gf46a388 (webtiles) character file.

Game seed: 17091188120133425216

40707 mhoghedin the Spear-Bearer (level 13, -13/116 HPs)
             Began as a Centaur Hunter on Apr 20, 2019.
             Was a High Priest of Trog.
             Mangled by a black mamba (18 damage)
             ... on level 4 of the Lair of Beasts.
             The game lasted 00:42:39 (19392 turns).

mhoghedin the Spear-Bearer (Centaur Hunter)        Turns: 19392, Time: 00:42:40

Health: -13/116    AC: 14    Str: 17    XL:     13   Next: 76%
Magic:  14/14      EV: 14    Int: 10    God:    Trog [*****.]
Gold:   1089       SH:  0    Dex: 13    Spells: 15/15 levels left

rFire    . . .     SeeInvis +   U - +8 glaive (vamp) {!w}
rCold    . . .     Gourm    .   (shield currently unavailable)
rNeg     . . .     Faith    .   E - +3 leather armour of Levity {MR+ Regen+}
rPois    .         Spirit   .   C - +0 helmet
rElec    .         Reflect  .   v - +2 cloak
rCorr    .         Harm     .   t - +0 pair of gloves
MR       +....                  (no barding)
Stlth    +.........             T - amulet of regeneration {+regen, !d}
HPRegen  1.09/turn              r - ring of see invisible {sInv, !d}
MPRegen  0.14/turn              a - +2 ring of evasion

@: lethally poisoned (-13 -> -17), very quick
A: large, hooves 3, deformed body, speed 2, low mp 1, tough skin 3
a: Berserk, Trog's Hand, Brothers in Arms, Renounce Religion


You were on level 4 of the Lair of Beasts.
You worshipped Trog.
Trog was extremely pleased with you.
You were not hungry.

You visited 2 branches of the dungeon, and saw 16 of its levels.
You also visited: Gauntlet.

You collected 1089 gold pieces.

Inventory:

Hand Weapons
 b - a +2 shortbow
 Q - the +4 bardiche of Quantum Leap {flame, rPois rF+ rC+ rN+}
   (You found it in a Gauntlet)

   It has been specially enchanted to burn those struck by it, causing extra
   injury to most foes and up to half again as much damage against particularly
   susceptible opponents.
   Big, fiery blades are also staple armaments of hydra-hunters.
   It protects you from fire.
   It protects you from cold.
   It protects you from poison.
   It protects you from negative energy.
 U - a +8 vampiric glaive (weapon) {!w}
   (Trog gifted it to you on level 4 of the Lair of Beasts)
Missiles
 d - 324 arrows
 g - a throwing net {=f, !d}
 x - 3 curare-tipped needles
Armour
 t - a +0 pair of gloves (worn)
   (You found it on level 2 of the Dungeon)
 v - a +2 cloak (worn)
   (You found it on level 3 of the Dungeon)
 C - a +0 helmet (worn)
   (You took it off Robin on level 4 of the Dungeon)
 E - the +3 leather armour of Levity (worn) {MR+ Regen+}
   (You found it on level 9 of the Dungeon)

   It affects your resistance to hostile enchantments.
   It increases your rate of regeneration.
Jewellery
 a - a +2 ring of evasion (right hand)
   (You found it on level 2 of the Lair of Beasts)
 r - a ring of see invisible (left hand) {sInv, !d}
   (You found it on level 3 of the Lair of Beasts)
 y - an uncursed ring of poison resistance {rPois, !d}
   (You found it on level 3 of the Dungeon)
 z - an uncursed ring of fire {rF+, rC-}
   (You found it on level 4 of the Dungeon)
 B - an uncursed ring of protection from magic {unknown}
   (You found it on level 4 of the Lair of Beasts)
 N - the amulet of the Air {Inacc +Fly rElec EV+5 RMsl}
   (You found it in a Gauntlet)

   [amulet of inaccuracy]

   It reduces the accuracy of all your attacks.
   It affects your evasion (+5).
   It insulates you from electricity.
   It lets you fly.
   It protects you from missiles.
 P - an uncursed ring of ice {rC+, rF-}
   (You found it on level 8 of the Dungeon)
 T - an amulet of regeneration (around neck) {+regen, !d}
   (You found it on level 1 of the Lair of Beasts)
 V - an uncursed amulet of the acrobat {unknown}
   (You found it on level 4 of the Lair of Beasts)
Wands
 m - a wand of scattershot (6)
   (You found it on level 1 of the Lair of Beasts)
 o - a wand of paralysis (10)
   (You took it off Maurice on level 11 of the Dungeon)
 A - a wand of iceblast (34)
   (You found it on level 6 of the Dungeon)
 F - a wand of enslavement (16)
   (You found it on level 6 of the Dungeon)
 G - a wand of polymorph (22)
   (You took it off an orc on level 10 of the Dungeon)
 I - a wand of digging (3)
   (You found it on level 7 of the Dungeon)
 M - a wand of flame (66)
   (You found it in a Gauntlet)
 O - a wand of random effects (18)
   (You found it on level 8 of the Dungeon)
Scrolls
 h - 7 scrolls of teleportation
 k - 6 scrolls of remove curse
 p - 2 scrolls of identify
 s - 6 scrolls of enchant armour
 w - 4 scrolls of blinking {!r}
 D - 3 scrolls of fear
 H - 2 scrolls of fog
 R - 2 scrolls of magic mapping {!r}
Potions
 c - 2 potions of brilliance
 i - 2 potions of lignification {!q}
 j - 8 potions of flight
 l - 9 potions of curing
 n - a potion of agility
 q - 4 potions of haste
 J - 3 potions of might
 K - a potion of magic {unknown}
 S - 2 potions of cancellation
Miscellaneous
 L - a box of beasts
Comestibles
 f - 31 rations


   Skills:
 + Level 11.4 Fighting
   Level 1.6 Long Blades
 + Level 12.4(13.9) Polearms
   Level 11.0(13.2) Staves
 - Level 12.3 Bows
 + Level 5.6 Armour
 + Level 5.9 Dodging
 - Level 0.4 Stealth
 - Level 1.7 Spellcasting


You had 15 spell levels left.
You didn't know any spells.
Your spell library contained the following spells:

 Spells                   Type           Power        Failure   Level  Hunger
 Animate Skeleton         Necr           N/A          36%         1    ##.....
 Apportation              Tloc           #.....       36%         1    ##.....
 Confusing Touch          Hex            #.....       36%         1    ##.....
 Summon Small Mammal      Summ           #...         36%         1    ##.....


Dungeon Overview and Level Annotations

Branches:
Dungeon (11/15)            Temple (0/1) D:5            Lair (5/6) D:9
 Shoals (0/4) Lair:4        Snake (0/4) Lair:4          Orc (0/2) D:11
  Slime: Lair:5-6

Altars:
Ashenzari
Cheibriados
Kikubaaqudgha
Nemelex Xobeh
Ru
Sif Muna
Trog
The Shining One
Beogh

Shops:
D:10 (%

Annotations:
Lair:3 exclusion: 3 oklob plants


Innate Abilities, Weirdness & Mutations

You have hooves in place of feet.
Armour fits poorly on your strangely shaped body.
You cover ground very quickly.
You have extremely tough skin. (AC +3)
Your magical capacity is low. (-10% MP)


Message History

You feel the dreadful sensation subside.
The +4 bardiche of Quantum Leap {flame, rPois rF+ rC+ rN+} bursts into flame!
Q - the +4 bardiche of Quantum Leap (weapon)
{flame, rPois rF+ rC+ rN+} The bullfrog misses you.
You slice the bullfrog!! You burn the bullfrog!
You kill the bullfrog!
Trog accepts your kill.
The nine-headed hydra closely misses you.
The nine-headed hydra bites you. The nine-headed hydra bites you!
The nine-headed hydra bites you.
The nine-headed hydra closely misses you. x2
The nine-headed hydra bites you but does no damage.
The nine-headed hydra closely misses you. x2
You take 22 damage, and have 50/116 hp.
The porcupine bites you but does no damage.
The nine-headed hydra closely misses you.
The nine-headed hydra bites you. x5
* * * LOW HITPOINT WARNING * * *
The nine-headed hydra bites you.
* * * LOW HITPOINT WARNING * * *
The nine-headed hydra barely misses you. x2
You take 20 damage, and have 31/116 hp.
There is a stone staircase leading up here.
You climb upwards.
There is a stone staircase leading down here.
You regained 2 hp, and now have 36/116 hp.
You start resting.
Health restored: 116
There is a stone staircase leading down here.
You climb downwards.
A black mamba and a spiny frog come into view.
The black mamba hisses angrily.
The spiny frog gives a loud, deep croak!
The spiny frog stings you but does no damage.
The spiny frog misses you.
A rime drake comes into view.
There is a stone staircase leading up here.
There are monsters nearby!
You slice the spiny frog!! You burn the spiny frog! You kick the spiny frog.
The spiny frog stings you.
A spiny frog comes into view.
The spiny frog closely misses you.
You take 3 damage, and have 113/116 hp.
The spiny frog croaks.
You slash the spiny frog! You burn the spiny frog.
You kill the spiny frog!
Trog accepts your kill. The black mamba bites you!
The black mamba barely misses you.
The black mamba bites you but does no damage.
You take 7 damage, and have 106/116 hp.
Wield which item (- for none, * to show all)? (? for menu, Esc to quit)
Okay, then.
Unknown command.
You eat one of the 32 rations.
That ration really hit the spot!
The black mamba bites you! The rime drake breathes ice at you.
The flash freeze misses you. The black mamba completely misses you.
You take 9 damage, and have 97/116 hp.
Wield which item (- for none, * to show all)? (? for menu, Esc to quit)
Really wield
U - a +8 vampiric glaive {!w}?
The +4 bardiche of Quantum Leap {flame, rPois rF+ rC+ rN+} stops flaming.
You feel a dreadful hunger.
U - a +8 vampiric glaive (weapon)
{!w} You miss the black mamba.
The nine-headed hydra roars!
You kick the black mamba, but do no damage.
The black mamba bites you. The black mamba barely misses you.
You take 4 damage, and have 94/116 hp.
You barely miss the black mamba. You kick the black mamba.
The black mamba bites you. The black mamba bites you!
You take 17 damage, and have 77/116 hp.
You hit the black mamba.
You feel better. The black mamba bites you! The rime drake closely misses you.
The porcupine bites you! The black mamba bites you!
You are poisoned.
The black mamba poisons you!
You take 23 damage, and have 54/116 hp.
You feel sick.
The black mamba bites you but does no damage.
The rime drake bites you but does no damage.
The porcupine bites you! The spiny frog stings you!!
* * * LOW HITPOINT WARNING * * *
The black mamba closely misses you.
You climb upwards.
You feel sick.
There is a stone staircase leading down here.
You take 31 damage, and have 23/116 hp.
MASSIVE DAMAGE!!
You feel sick. The rime drake breathes ice at you. The flash freeze misses you.
The black mamba bites you!
* * * LOW HITPOINT WARNING * * *
You are more poisoned.
The black mamba poisons you!
There is a stone staircase leading up, spattered with blood here.
You take 17 damage, and have 6/116 hp.
Your two-headed ogre goes berserk!
You feel quite a bit more hungry.
* * * LOW HITPOINT WARNING * * *
You feel sick. The black mamba bites you!!
You die...

### #.# #.# ### ##### #.##
#.####.#.## ###
#..#######.##.....####.#
#.#.##.#.#......#.....##
#.............##.#...###
####....Or@........#.#.#
#.####kFS........#...# ###
##..............##
###................##
#####P##................###
#.......................#.#
##.#.......................
##.........................
#..#.......................


You could see a black mamba, a spiny frog, a rime drake, a porcupine and a
friendly two-headed ogre (berserk).

Vanquished Creatures
  A frost giant (D:11)
  A minotaur (Gauntlet)
  A death ooze (Gauntlet)
  3 hydras
  The ghost of VLARC the Thaumaturge, a journeyman VSVM of Sif Muna (D:11)
  An unseen horror (D:11)
  An orc knight (D:11)
  A deep elf mage (D:10)
  An oklob plant (Gauntlet)
  Maurice (D:11)
  A torpor snail (Gauntlet)
  A centaur skeleton (D:11)
  2 black mambas
  15 spiny frogs
  8 komodo dragons
  2 queen bees (D:9)
  6 polar bears
  A wolf spider simulacrum (D:10)
  Grinder (D:4)
  13 blink frogs
  A hornet (D:11)
  A slime creature (D:11)
  A dream sheep (shapeshifter) (D:11)
  9 hippogriffs
  A snapping turtle (Lair:4)
  4 hogs (D:7)
  A human (D:7)
  30 yaks
  A basilisk (Lair:4)
  3 wyverns
  Eustachio (D:6)
  2 steam dragons
  Menkaure (D:6)
  3 nagas (Lair:4)
  An acid dragon (Gauntlet)
  7 water moccasins
  Duvessa (D:5)
  7 porcupines (Lair:3)
  2 ice beasts
  5 sky beasts
  11 orc warriors
  2 black bears
  An eye of draining (D:11)
  20 wolves
  8 ogres
  A phantom (D:10)
  7 centaurs
  8 crocodiles
  3 big kobolds
  24 bullfrogs
  Dowan (D:5)
  A water moccasin zombie (D:9)
  4 scorpions
  A wyvern skeleton (D:11)
  31 killer bees
  8 wights
  2 electric eels (Lair:1)
  A centaur zombie (D:5)
  5 crimson imps
  A quasit (D:11)
  4 jellies
  5 hounds
  6 orc priests
  Crazy Yiuf (D:2)
  2 bullfrog skeletons
  11 iguanas
  14 orc wizards
  8 worker ants
  A killer bee zombie (D:6)
  A hound zombie (D:8)
  A hound skeleton (D:10)
  A howler monkey zombie (D:5)
  Robin (D:4)
  7 gnolls
  11 adders
  2 shadow imps (D:5)
  2 oozes
  2 adder skeletons (D:4)
  5 worms
  2 dart slugs (D:1)
  4 leopard geckos
  62 orcs
  4 giant cockroaches
  19 goblins
  12 hobgoblins
  9 jackals
  2 quokkas
  4 ball pythons
  12 bats
  A frilled lizard (D:1)
  A jackal skeleton (D:5)
  A jackal zombie (D:9)
  21 kobolds
  6 rats
529 creatures vanquished.

Vanquished Creatures (others)
  A centaur skeleton (D:11)
  6 fungi
  4 plants
11 creatures vanquished.

Grand Total: 540 creatures vanquished

Notes
Turn   | Place    | Note
-------+----------+-------------------------------------------
     0 | D:1      | mhoghedin the Centaur Hunter began the quest for the Orb.
     0 | D:1      | Reached XP level 1. HP: 17/17 MP: 1/1
   132 | D:1      | Reached XP level 2. HP: 12/25 MP: 2/2
   767 | D:1      | Reached skill level 6 in Bows
   769 | D:1      | Reached XP level 3. HP: 25/30 MP: 3/3
  1056 | D:1      | Reached skill level 3 in Fighting
  1193 | D:2      | Found an ancient bone altar of Kikubaaqudgha.
  1227 | D:2      | Found a shattered altar of Ashenzari.
  1294 | D:2      | Reached XP level 4. HP: 17/38 MP: 4/4
  1761 | D:2      | Found a runed translucent door.
  1762 | D:2      | Noticed Crazy Yiuf
  2077 | D:2      | Killed Crazy Yiuf
  2077 | D:2      | Reached skill level 7 in Bows
  2077 | D:2      | Reached XP level 5. HP: 27/46 MP: 5/5
  2291 | D:3      | Reached skill level 4 in Fighting
  2841 | D:4      | Reached XP level 6. HP: 39/53 MP: 6/6
  2945 | D:4      | Noticed Grinder
  2974 | D:4      | Paralysed by Grinder for 6 turns
  2981 | D:4      | Killed Grinder
  2981 | D:4      | Reached skill level 5 in Fighting
  2981 | D:4      | Reached skill level 8 in Bows
  3002 | D:4      | Found a deep blue altar of Sif Muna.
  3018 | D:4      | Reached XP level 7. HP: 26/62 MP: 7/7
  3257 | D:4      | Reached skill level 9 in Bows
  3277 | D:4      | Found a bloodstained altar of Trog.
  3298 | D:4      | Found a shattered altar of Ashenzari.
  3338 | D:4      | Reached skill level 6 in Fighting
  3469 | D:4      | HP: 11/63 [worker ant (7)]
  3769 | D:4      | Noticed Robin
  3787 | D:4      | Killed Robin
  3812 | D:4      | HP: 12/64 [sky beast (6)]
  4243 | D:4      | Reached skill level 10 in Bows
  4243 | D:4      | Reached XP level 8. HP: 64/71 MP: 8/8
  4486 | D:4      | Became a worshipper of Trog the Wrathful
  4501 | D:5      | Entered Level 5 of the Dungeon
  4501 | D:5      | Noticed a hippogriff
  4551 | D:5      | Reached skill level 1 in Staves
  4830 | D:5      | HP: 16/71 [hippogriff (2)]
  4847 | D:5      | Killed a hippogriff
  4847 | D:5      | Reached skill level 7 in Fighting
  4847 | D:5      | Reached skill level 2 in Staves
  5133 | D:5      | Reached skill level 3 in Staves
  5155 | D:5      | Noticed Duvessa
  5155 | D:5      | Noticed Dowan
  5171 | D:5      | Killed Duvessa
  5180 | D:5      | Killed Dowan
  5180 | D:5      | Reached skill level 4 in Staves
  5488 | D:5      | Reached skill level 8 in Fighting
  5488 | D:5      | Reached skill level 5 in Staves
  5607 | D:5      | Reached skill level 6 in Staves
  5851 | D:5      | Reached * piety under Trog
  5964 | D:5      | Found a staircase to the Ecumenical Temple.
  6162 | D:5      | Identified the +1 long sword "Etrut" {freeze, rPois Int+3
                  | Dex+5} (You found it on level 5 of the Dungeon)
  6210 | D:6      | Noticed Menkaure
  6227 | D:6      | Killed Menkaure
  6227 | D:6      | Reached XP level 9. HP: 72/82 MP: 9/9
  6253 | D:6      | Reached skill level 1 in Long Blades
  6284 | D:6      | Reached skill level 1 in Armour
  6526 | D:6      | Reached skill level 2 in Dodging
  6772 | D:6      | Found a sacrificial altar of Ru.
  6784 | D:6      | Noticed Eustachio
  6790 | D:6      | Killed Eustachio
  6790 | D:6      | Reached skill level 9 in Fighting
  6887 | D:6      | Reached skill level 2 in Armour
  7083 | D:7      | Reached skill level 7 in Staves
  7305 | D:7      | Reached ** piety under Trog
  7457 | D:7      | Reached skill level 3 in Dodging
  7518 | D:7      | Found a shattered altar of Ashenzari.
  7639 | D:7      | Reached XP level 10. HP: 79/91 MP: 10/10
  7654 | D:7      | Reached skill level 8 in Staves
  7654 | D:7      | Reached skill level 3 in Armour
  8287 | D:8      | Reached *** piety under Trog
  8636 | D:8      | Received a gift from Trog
  9095 | D:8      | Reached skill level 4 in Dodging
  9256 | D:8      | Reached skill level 10 in Fighting
  9423 | D:9      | Found a glowing golden altar of the Shining One.
  9448 | D:9      | Found a sparkling altar of Nemelex Xobeh.
  9450 | D:9      | Found a snail-covered altar of Cheibriados.
  9508 | D:9      | Reached skill level 9 in Staves
  9623 | D:9      | Reached skill level 4 in Armour
  9811 | D:9      | Found a staircase to the Lair.
 10262 | D:9      | Reached skill level 11 in Bows
 10556 | D:9      | Reached XP level 11. HP: 101/101 MP: 11/11
 10742 | D:9      | Received a gift from Trog
 10744 | D:9      | Reached **** piety under Trog
 11009 | D:9      | Got a jewelled leather armour
 11164 | D:9      | Identified the +3 leather armour of Levity {MR+ Regen+}
                  | (You found it on level 9 of the Dungeon)
 11185 | D:10     | Entered Level 10 of the Dungeon
 11321 | D:10     | Reached skill level 10 in Staves
 11332 | D:10     | Reached skill level 5 in Dodging
 11459 | D:10     | Found Fumof's Weapon Shoppe.
 11745 | D:10     | Received a gift from Trog
 11909 | D:10     | Found Lahuff's Food Shop.
 11986 | D:10     | Noticed a deep elf mage
 11994 | D:10     | Killed a deep elf mage
 11994 | D:10     | Reached skill level 5 in Armour
 12215 | D:11     | Noticed a frost giant
 12221 | D:11     | Noticed VLARC's ghost (journeyman VSVM)
 12229 | D:11     | Found a runed translucent gate.
 12229 | D:11     | Found a runed translucent gate.
 12275 | D:11     | Noticed a five-headed hydra
 12285 | D:11     | Killed a five-headed hydra
 12346 | D:11     | HP: 7/101 [manticore/volley of spikes (20)]
 12353 | D:11     | Noticed a glowing shapeshifter
 12353 | D:11     | a manticore changed into a glowing shapeshifter
 12354 | D:11     | a glowing shapeshifter changed into a cyclops
 12385 | D:11     | Reached skill level 12 in Bows
 12422 | D:11     | Found a gate leading to a gauntlet.
 12428 | Gauntlet | Entered a Gauntlet
 12428 | Gauntlet | Found a transporter.
 12428 | Gauntlet | Found a transporter.
 12428 | Gauntlet | Noticed an oklob plant
 12433 | Gauntlet | Noticed a hell hog
 12480 | Gauntlet | Found a transporter.
 12480 | Gauntlet | Found a transporter.
 12480 | Gauntlet | Found a transporter.
 12493 | Gauntlet | Noticed a wolf spider
 12499 | Gauntlet | Found a transporter.
 12501 | Gauntlet | Found a transporter.
 12543 | Gauntlet | Found a transporter.
 12554 | Gauntlet | Noticed a death ooze
 12555 | Gauntlet | Found a transporter.
 12638 | Gauntlet | Found a transporter.
 12640 | Gauntlet | Found a large runed translucent door.
 12641 | Gauntlet | Found a large runed translucent door.
 12642 | Gauntlet | Found a large runed translucent door.
 12643 | Gauntlet | Found a runed translucent gate.
 12644 | Gauntlet | Found a transporter.
 12644 | Gauntlet | Found a runed translucent gate.
 12645 | Gauntlet | Found a runed translucent gate.
 12646 | Gauntlet | Found a large runed translucent door.
 12647 | Gauntlet | Found a large runed translucent door.
 12648 | Gauntlet | Found a large runed translucent door.
 12652 | Gauntlet | Found a large runed translucent door.
 12652 | Gauntlet | Found a large runed translucent door.
 12658 | Gauntlet | Found a large runed translucent door.
 12658 | Gauntlet | Found a large runed translucent door.
 12658 | Gauntlet | Found a runed translucent door.
 12658 | Gauntlet | Found a runed translucent door.
 12659 | Gauntlet | Found a large runed translucent door.
 12660 | Gauntlet | Found a large runed translucent door.
 12662 | Gauntlet | Found a transporter.
 12727 | Gauntlet | Found a large runed translucent door.
 12728 | Gauntlet | Found a large runed translucent door.
 12729 | Gauntlet | Found a large runed translucent door.
 12729 | Gauntlet | Found a large runed translucent door.
 12887 | Gauntlet | Killed an oklob plant
 12887 | Gauntlet | Reached skill level 11 in Fighting
 12975 | Gauntlet | Killed a death ooze
 13055 | Gauntlet | Gained mutation: Your magical capacity is low. (-10% MP) [a
                  | neqoxec]
 13070 | Gauntlet | Noticed a minotaur
 13087 | Gauntlet | Killed a minotaur
 13087 | Gauntlet | Reached skill level 11 in Staves
 13120 | Gauntlet | Found the amulet of the Air {Inacc +Fly rElec EV+5 RMsl}
 13121 | Gauntlet | Got a polished bardiche
 13122 | Gauntlet | Identified the +4 bardiche of Quantum Leap {flame, rPois
                  | rF+ rC+ rN+} (You found it in a Gauntlet)
 13154 | D:11     | Reached XP level 12. HP: 96/110 MP: 11/11
 13180 | D:11     | Found a roughly hewn altar of Beogh.
 13180 | D:11     | Found a staircase to the Orcish Mines.
 13195 | D:11     | Reached skill level 1 in Spellcasting
 13203 | D:11     | Reached skill level 1 in Polearms
 13205 | D:11     | HP: 30/165 [orc warrior/+0 dire flail (18)]
 13210 | D:11     | HP: 25/165 [iguana (1)]
 13216 | D:11     | HP: 10/110 [orc priest/divine providence (12)]
 13427 | D:11     | Reached skill level 2 in Polearms
 13448 | D:11     | Found a runed translucent gate.
 13497 | D:11     | Received a gift from Trog
 13497 | D:11     | Reached skill level 3 in Polearms
 13604 | D:11     | Noticed Maurice
 13616 | D:11     | Killed Maurice
 13616 | D:11     | Reached skill level 4 in Polearms
 13962 | D:11     | Reached skill level 5 in Polearms
 14055 | D:11     | Killed a frost giant
 14055 | D:11     | Reached skill level 6 in Polearms
 14061 | D:11     | Killed VLARC's ghost
 14206 | Lair:1   | Entered Level 1 of the Lair of Beasts
 14217 | Lair:1   | Noticed a four-headed hydra
 14225 | Lair:1   | Killed a one-headed hydra
 14225 | Lair:1   | Reached skill level 7 in Polearms
 14455 | Lair:1   | Reached skill level 8 in Polearms
 15095 | Lair:1   | HP: 27/110 [poisoned by a black mamba]
 15100 | Lair:1   | HP: 21/110 [poisoned by a black mamba]
 15105 | Lair:1   | HP: 17/110 [poisoned by a black mamba]
 15110 | Lair:1   | HP: 17/110 [poisoned by a black mamba]
 15115 | Lair:1   | HP: 16/110 [poisoned by a black mamba]
 15120 | Lair:1   | HP: 18/110 [poisoned by a black mamba]
 15125 | Lair:1   | HP: 19/110 [poisoned by a black mamba]
 15133 | Lair:1   | HP: 22/110 [poisoned by a black mamba]
 15844 | Lair:2   | Reached skill level 9 in Polearms
 15851 | Lair:2   | HP: 38/165 [wolf (6)]
 15854 | Lair:2   | HP: 18/165 [wolf (1)]
 15857 | Lair:2   | HP: 4/165 [wolf (11)]
 15864 | Lair:2   | HP: 3/110 [crocodile (7)]
 16001 | Lair:2   | Reached ***** piety under Trog
 16076 | Lair:2   | Reached XP level 13. HP: 64/116 MP: 14/14
 16587 | Lair:2   | Reached skill level 10 in Polearms
 17304 | Lair:3   | HP: 25/116 [blink frog (8)]
 17311 | Lair:3   | HP: 24/116 [blink frog (8)]
 17418 | Lair:3   | Reached skill level 11 in Polearms
 17564 | Lair:3   | Received a gift from Trog
 18033 | Lair:4   | Received a gift from Trog
 18306 | Lair:4   | Reached skill level 12 in Polearms
 18394 | Lair:4   | Found a staircase to the Snake Pit.
 18473 | Lair:4   | Received a gift from Trog
 19070 | Lair:4   | Found a staircase to the Shoals.
 19389 | Lair:5   | HP: 23/116 [spiny frog (20)]
 19391 | Lair:4   | HP: 6/116 [black mamba (17)]
 19392 | Lair:4   | Mangled by a black mamba

Levels and vault maps discovered:
D:1:      lightli_arrival_farm, layout_loops_ring
D:2:      layout_basic, kiku_gazebo_pond_becter, minivault_4,
          lemuel_altar_in_water, uniq_crazy_yiuf_cottage
D:3:      layout_basic
D:4:      layout_loops_ring, bloody_trog, kennysheep_mini, lemuel_round_altar,
          first_ration, minmay_manual_mail, uniq_robin, uniq_grinder
D:5:      layout_loops_ring, minmay_temple_entry_offerings,
          minmay_misc_feat_enclosed, uniq_duvessa
D:6:      cheibrodos_barr_body, layout_basic, hangedman_ru_absence,
          uniq_eustachio, uniq_menkaure
D:7:      layout_rooms, grunt_livestock, nicolae_ashenzari_panopticon
D:8:      layout_rooms, minmay_joined_circles
D:9:      layout_roguey [special_room_bee],
          chequers_temple_overflow_statue_of_worship, lair_entry_dummy
D:10:     layout_long_grid, serial_shops, nicolae_shop_statue_plus,
          nicolae_shop_stone
D:11:     layout_long_grid, david_orc_5, gammafunk_ghost_split,
          gauntlet_entry_generic, minmay_fractal_squares_diagonal_5,
          uniq_maurice
Lair:1:   layout_cave_pods, nicolae_quartered_pool_medium,
          chequers_serial_rivers_small_a, infiniplex_staircase_pool
Lair:2:   layout_roguey, beast_lair_carwin_11
Lair:3:   layout_loops_ring, minmay_lair_oklob_chamber, serial_bayou_shore_b
Lair:4:   layout_layer_cave, minmay_shoals_entry_hut,
          minmay_snake_entry_guardpost_small, beast_lair_carwin_6
Lair:5:   layout_small_grid, gammafunk_ghost_hydra_chop,
          cheibrodos_lair_lostbears
Gauntlet: gammafunk_gauntlet_shortcut [gammafunk_gauntlet_arena_chambers,
          gammafunk_gauntlet_arena_split_x, gammafunk_gauntlet_arena_mazey,
          gammafunk_gauntlet_arena_spirals,
          minmay_gauntlet_arena_make_your_own_arena,
          nicolae_gauntlet_arena_grate_2, gauntlet_exit_watery]

Skill      XL: |  1  2  3  4  5  6  7  8  9 10 11 12 13 |
---------------+----------------------------------------+-----
Bows           | 6 7 8 10 11 12 | 12.3
Fighting       | 3 4 5 6 8 9 10 11 | 11.4
Staves         | 6 7 9 11 | 11.0
Long Blades    | 1 |  1.6
Armour         | 2 4 5 |  5.6
Dodging        | 3 4 5 |  5.9
Spellcasting   | 1 |  1.7
Polearms       | 9 12 | 12.4
Stealth        | |  0.4

Action                   |  1- 3 |  4- 6 |  7- 9 | 10-12 | 13-15 || total
-------------------------+-------+-------+-------+-------+-------++-------
Melee: Dagger            |    48 |   112 |    33 |       |       ||   193
       Kick              |     9 |    24 |    52 |   185 |    65 ||   335
       Quarterstaff      |       |       |   200 |   387 |       ||   587
       Bardiche          |       |       |       |   287 |   302 ||   589
       Glaive            |       |       |       |       |    39 ||    39
 Fire: Shortbow          |    47 |    17 |   165 |   171 |       ||   400
Invok: Berserk           |       |       |     3 |    21 |     3 ||    27
       Brothers in Arms  |       |       |       |     2 |     1 ||     3
       Trog's Hand       |       |       |       |     1 |       ||     1
Evoke: Wand              |       |       |       |     1 |       ||     1
  Use: Potion            |     1 |       |       |    12 |       ||    13
       Scroll            |       |       |    12 |    10 |     6 ||    28
 Stab: Petrifying        |       |       |     1 |     3 |       ||     4
       Confused          |       |       |     1 |       |       ||     1
       Petrified         |       |       |     1 |       |       ||     1
       Paralysed         |       |       |       |     2 |       ||     2
  Eat: Chunk             |       |     3 |     2 |    15 |     2 ||    22
       Ration            |       |     1 |     3 |     9 |     6 ||    19
Armor: Leather armour    |    21 |    43 |   104 |   349 |   168 ||   685
       Skin              |       |       |       |    23 |       ||    23
Dodge: Dodged            |    23 |    47 |   123 |   507 |   306 ||  1006

Table legend:
 A = Non-vault XP
 B = Vault XP
 C = Vault XP percentage of total XP
 D = Non-vault monster count
 E = Vault monster count
 F = Vault count percentage of total count
                 A         B        C        D         E       F
            +---------+---------+-------+---------+---------+-------
      Total |   38896 |   19258 |  33.1 |     400 |     130 |  24.5
            +---------+---------+-------+---------+---------+-------
        D:1 |      58 |       0 |   0.0 |      30 |       0 |   0.0
        D:2 |     103 |      39 |  27.5 |      26 |       1 |   3.7
        D:3 |      35 |       0 |   0.0 |      12 |       0 |   0.0
        D:4 |     840 |     357 |  29.8 |      20 |      16 |  44.4
        D:5 |    1130 |     228 |  16.8 |      23 |       2 |   8.0
        D:6 |     344 |     978 |  74.0 |      11 |      13 |  54.2
        D:7 |     822 |     994 |  54.7 |      27 |       5 |  15.6
        D:8 |    1697 |     629 |  27.0 |      33 |       7 |  17.5
        D:9 |    1767 |    2118 |  54.5 |      19 |      26 |  57.8
       D:10 |    4438 |       0 |   0.0 |      46 |       0 |   0.0
       D:11 |    4955 |    6033 |  54.9 |      49 |      34 |  41.0
     Lair:1 |    5548 |       0 |   0.0 |      24 |       0 |   0.0
     Lair:2 |    3552 |    1780 |  33.4 |      14 |       6 |  30.0
     Lair:3 |    7087 |      93 |   1.3 |      37 |       1 |   2.6
     Lair:4 |    6041 |    2304 |  27.6 |      27 |       9 |  25.0
     Lair:5 |     479 |     576 |  54.6 |       2 |       2 |  50.0
   Gauntlet |       0 |    3129 | 100.0 |       0 |       8 | 100.0
            +---------+---------+-------+---------+---------+-------

Levels and vault maps discovered:
D:1:      lightli_arrival_farm, layout_loops_ring
D:2:      layout_basic, kiku_gazebo_pond_becter, minivault_4,
          lemuel_altar_in_water, uniq_crazy_yiuf_cottage
D:3:      layout_basic
D:4:      layout_loops_ring, bloody_trog, kennysheep_mini, lemuel_round_altar,
          first_ration, minmay_manual_mail, uniq_robin, uniq_grinder
D:5:      layout_loops_ring, minmay_temple_entry_offerings,
          minmay_misc_feat_enclosed, uniq_duvessa
D:6:      cheibrodos_barr_body, layout_basic, hangedman_ru_absence,
          uniq_eustachio, uniq_menkaure
D:7:      layout_rooms, grunt_livestock, nicolae_ashenzari_panopticon
D:8:      layout_rooms, minmay_joined_circles
D:9:      layout_roguey [special_room_bee],
          chequers_temple_overflow_statue_of_worship, lair_entry_dummy
D:10:     layout_long_grid, serial_shops, nicolae_shop_statue_plus,
          nicolae_shop_stone
D:11:     layout_long_grid, david_orc_5, gammafunk_ghost_split,
          gauntlet_entry_generic, minmay_fractal_squares_diagonal_5,
          uniq_maurice
Lair:1:   layout_cave_pods, nicolae_quartered_pool_medium,
          chequers_serial_rivers_small_a, infiniplex_staircase_pool
Lair:2:   layout_roguey, beast_lair_carwin_11
Lair:3:   layout_loops_ring, minmay_lair_oklob_chamber, serial_bayou_shore_b
Lair:4:   layout_layer_cave, minmay_shoals_entry_hut,
          minmay_snake_entry_guardpost_small, beast_lair_carwin_6
Lair:5:   layout_small_grid, gammafunk_ghost_hydra_chop,
          cheibrodos_lair_lostbears
Gauntlet: gammafunk_gauntlet_shortcut [gammafunk_gauntlet_arena_chambers,
          gammafunk_gauntlet_arena_split_x, gammafunk_gauntlet_arena_mazey,
          gammafunk_gauntlet_arena_spirals,
          minmay_gauntlet_arena_make_your_own_arena,
          nicolae_gauntlet_arena_grate_2, gauntlet_exit_watery]

Table legend:
 A = Turns spent in this place as a percentage of turns spent in the entire game.
 B = Non-inter-level travel turns spent in this place as a percentage of non-inter-level travel turns spent in the entire game.
 C = Inter-level travel turns spent in this place as a percentage of turns spent in this place.
 D = Turns resting spent in this place as a percentage of non-inter-level travel turns spent in this place.
 E = Turns spent auto-exploring this place as a percentage of non-inter-level travel turns spent in this place.
 F = Non-inter-level travel turns spent in this place divided by the number of levels of this place that you've seen.
                   A       B       C       D       E      F
               +-------+-------+-------+-------+-------+----------------------
         Total | 100.0 | 100.0 |   2.9 |  31.2 |  45.5 | 1107.9
       Dungeon |  69.6 |  69.5 |   3.1 |  34.0 |  43.6 | 1189.8
          Lair |  26.7 |  26.8 |   2.8 |  25.3 |  54.4 | 1008.4
      Gauntlet |   3.6 |   3.7 |   0.0 |  22.0 |  15.3 | 705.0
               +-------+-------+-------+-------+-------+----------------------

Table legend:
 A = Kills in this place as a percentage of kills in entire the game.
 B = Kills by you in this place as a percentage of kills by you in the entire game.
 C = Kills by friends in this place as a percentage of kills by friends in the entire game.
 D = Other kills in this place as a percentage of other kills in the entire game.
 E = Experience gained in this place as a percentage of experience gained in the entire game.
 F = Experience gained in this place divided by the number of levels of this place that you have seen.
                   A       B       C       D       E      F
               +-------+-------+-------+-------+-------+----------------------
         Total | 100.0 | 100.0 |   N/A | 100.0 | 100.0 | 3420.8
       Dungeon |  75.5 |  75.4 |   N/A | 100.0 |  47.4 | 2505.9
          Lair |  23.0 |  23.1 |   N/A |   0.0 |  47.2 | 5492.0
      Gauntlet |   1.5 |   1.5 |   N/A |   0.0 |   5.4 | 3129.0
               +-------+-------+-------+-------+-------+----------------------
